 Dungeon Crawl Stone Soup version 0.29-a0-451-gfbfa424 (webtiles) character file.

Game seed: 13203019558014031172

715 Toastz the Covered (level 7, -8/53 HPs)
             Began as a Gnoll Wanderer on May 19, 2022.
             Killed by divine providence
             ... invoked by an orc priest
              (9 damage)
             ... on level 4 of the Dungeon.
             The game lasted 00:09:04 (4531 turns).

Toastz the Covered (Gnoll Wanderer)                 Turns: 4531, Time: 00:09:04

Health: -8/53      AC:  7    Str: 13    XL:     7   Next: 69%
Magic:  10/10      EV: 11    Int: 11    God:
Gold:   201        SH:  0    Dex: 12    Spells: 9/11 levels left

rFire   . . .      SeeInvis +   a - +0 trident
rCold   . . .      Faith    .   (no shield)
rNeg    . . .      Spirit   .   y - +0 ring mail
rPois   .          Reflect  .   (no helmet)
rElec   .          Harm     .   (no cloak)
rCorr   .          Rampage  .   (no gloves)
Will    .....                   c - +0 pair of boots
Stlth   +++.......              (no amulet)
HPRegen 0.17/turn               s - ring of see invisible
MPRegen 0.12/turn               v - ring of wizardry

@: mighty, on berserk cooldown, slowed, very slow
A: fangs 1, strong nose, distributed training
a: no special abilities


You were on level 4 of the Dungeon.
You visited 1 branch of the dungeon, and saw 4 of its levels.

You collected 201 gold pieces.

Inventory:

Hand Weapons
 a - a +0 trident (weapon)
 b - a +1 hunting sling of freezing
Missiles
 A - 3 atropa-tipped darts
 B - 4 poisoned darts
 E - 2 javelins (quivered)
Armour
 c - a +0 pair of boots (worn)
 e - a +0 leather armour
 y - a +0 ring mail (worn)
 D - a +0 scale mail
Jewellery
 s - a ring of see invisible (left hand)
 u - a ring of ice
 v - a ring of wizardry (right hand)
Scrolls
 g - 2 scrolls of magic mapping {unknown}
 h - 2 scrolls of fog {unknown}
 i - 3 scrolls of identify {unknown}
 m - 2 scrolls of immolation
 n - a scroll of poison {unknown}
 o - a scroll of teleportation {unknown}
 t - 2 scrolls of vulnerability
 z - a scroll of noise {unknown}
 C - a scroll of blinking {unknown}
 F - a scroll of fear {unknown}
 G - a scroll of summoning {unknown}
Potions
 d - a potion of berserk rage
 f - a potion of curing {unknown}
 j - a potion of invisibility {unknown}
 k - 2 potions of flight {unknown}
 l - a potion of lignification {unknown}
 p - 2 potions of might
 q - a potion of heal wounds
 w - a potion of cancellation {unknown}
 x - a potion of haste {unknown}


   Skills:
 + Level 3.7 Fighting
 + Level 2.6 Short Blades
 + Level 2.6 Long Blades
 + Level 2.6 Axes
 + Level 2.6 Maces & Flails
 + Level 7.1 Polearms
 + Level 2.6 Staves
 + Level 2.6 Slings
 + Level 2.6 Bows
 + Level 2.6 Crossbows
 + Level 2.6 Throwing
 + Level 7.1 Armour
 + Level 2.6 Dodging
 + Level 6.6 Stealth
 + Level 2.6 Shields
 + Level 2.6 Unarmed Combat
 + Level 2.6 Spellcasting
 + Level 2.1 Conjurations
 + Level 2.1 Hexes
 + Level 2.1 Summonings
 + Level 2.1 Necromancy
 + Level 2.1 Translocations
 + Level 2.1 Transmutations
 + Level 2.1 Fire Magic
 + Level 2.1 Ice Magic
 + Level 2.1 Air Magic
 + Level 2.1 Earth Magic
 + Level 2.1 Poison Magic
 + Level 2.9 Invocations
 + Level 2.6 Evocations


You had 9 spell levels left.
You knew the following spells:

 Your Spells              Type           Power      Damage    Failure   Level
a - Necrotize             Necr           24%        1d5       9%          1
b - Summon Small Mammal   Summ           24%        N/A       9%          1

Your spell library contained the following spells:

 Spells                   Type           Power      Damage    Failure   Level
 Apportation              Tloc           12%        N/A       9%          1
 Gell's Gravitas          Tloc           6%         N/A       26%         3
 Teleport Other           Tloc           6%         N/A       26%         3
 Dispersal                Tloc           3%         N/A       100%        6


Dungeon Overview and Level Annotations

Branches:
Dungeon (4/15)
 Temple: D:4-7

Altars:
Ashenzari
Gozag

Annotations:
D:4 3 runed translucent doors, Taxman66's ghost, amateur MiHu


Innate Abilities, Weirdness & Mutations

You have very sharp teeth.
Your uncanny sense of smell can sniff out nearby items.
Your experience applies equally to all skills.


Message History

The orc priest mumbles some strange prayers to Beogh against you.
Beogh smites you!
The orc priest casts a cantrip, but nothing happens.
You closely miss the orc wizard. Your bite misses the orc wizard.
The orc wizard hits you but does no damage.
You puncture the orc wizard!
The orc wizard is heavily wounded.
The orc barely misses you.
The orc priest looks encouraged for a moment.
The orc wizard completely misses you.
You puncture the orc wizard!
You kill the orc wizard!
The orc hits you but does no damage. The orc priest barely misses you.
The orc priest mumbles some strange prayers to Beogh against you.
Beogh smites you!
* * * LOW HITPOINT WARNING * * *
The orc priest hits you from afar with a +0 trident.
* * * LOW HITPOINT WARNING * * *
The orc hits you but does no damage. The orc priest hits you with a +0 mace.
* * * LOW HITPOINT WARNING * * *
You feel much better. The orc misses you. The orc priest barely misses you.
The orc priest hits you from afar with a +0 trident.
Reach: a) +0 trident
Press: ? - help, Dir - move target, f - orc priest
Aim: an orc priest, wielding a +0 mace and wearing a +0 chain mail (about 32% to evade your +0 trident)
You hit the orc priest but do no damage.
The orc closely misses you. The orc priest misses you.
The orc priest hits you from afar with a +0 trident. x2
The orc hits you with a +0 flail. The orc priest hits you with a +0 mace.
* * * LOW HITPOINT WARNING * * *
You hit the orc priest but do no damage.
You bite the orc priest.
The orc priest is heavily wounded.
The orc hits you with a +0 flail.
* * * LOW HITPOINT WARNING * * *
The orc priest hits you with a +0 mace.
* * * LOW HITPOINT WARNING * * *
The orc priest mumbles some strange prayers to Beogh against you.
Beogh smites you!
You die...

..##..........##
###............##
##..............##
#...†............#####
...†..............##.#####
..................#..#...#
...†...8..8.......#......#
........##......oo'......##
........##......@)o.).....#
.......8..8.......#.........
..................#.........
..................#.........
#................##o...#..##
##..............##.....#...#
.##............##..o......##
..##..........##...oo..#.##
...##........####.....##..#


You could see 2 orc priests and an orc.

Vanquished Creatures
  Sigmund (D:3)
  Menkaure (D:4)
  A black bear (D:4)
  A necrophage (D:4)
  A hound (D:3)
  A jelly (D:4)
  An iguana (D:4)
  3 orc wizards
  5 adders
  An ufetubus (D:4)
  A worm (D:2)
  3 orcs (D:2)
  A bat (D:3)
  10 endoplasms
  4 giant cockroaches
  9 goblins
  7 hobgoblins
  3 kobolds
  4 quokkas
  3 ball pythons
  4 frilled lizards
  4 rats
69 creatures vanquished.

Notes
Turn   | Place    | Note
-------+----------+-------------------------------------------
     0 | D:1      | Toastz the Gnoll Wanderer began the quest for the Orb.
     0 | D:1      | Toastz set off with the following items: a +0 trident, a
                  | scroll of vulnerability, a +0 pair of boots, a potion of
                  | berserk rage, a +0 leather armour
     0 | D:1      | Reached XP level 1. HP: 17/17 MP: 1/1
   234 | D:1      | Reached XP level 2. HP: 23/23 MP: 2/2
   339 | D:1      | Found a faded altar of an unknown god.
  1088 | D:2      | Reached XP level 3. HP: 28/28 MP: 3/3
  1158 | D:2      | Reached skill level 1 in Short Blades
  1158 | D:2      | Reached skill level 1 in Long Blades
  1158 | D:2      | Reached skill level 1 in Axes
  1158 | D:2      | Reached skill level 1 in Maces & Flails
  1158 | D:2      | Reached skill level 1 in Staves
  1158 | D:2      | Reached skill level 1 in Slings
  1158 | D:2      | Reached skill level 1 in Bows
  1158 | D:2      | Reached skill level 1 in Crossbows
  1158 | D:2      | Reached skill level 1 in Throwing
  1158 | D:2      | Reached skill level 1 in Dodging
  1158 | D:2      | Reached skill level 1 in Shields
  1158 | D:2      | Reached skill level 1 in Unarmed Combat
  1158 | D:2      | Reached skill level 1 in Spellcasting
  1158 | D:2      | Reached skill level 1 in Invocations
  1158 | D:2      | Reached skill level 1 in Evocations
  1158 | D:2      | Reached XP level 4. HP: 23/34 MP: 5/5
  1654 | D:2      | Reached skill level 1 in Conjurations
  1654 | D:2      | Reached skill level 1 in Hexes
  1654 | D:2      | Reached skill level 1 in Summonings
  1654 | D:2      | Reached skill level 1 in Necromancy
  1654 | D:2      | Reached skill level 1 in Translocations
  1654 | D:2      | Reached skill level 1 in Transmutations
  1654 | D:2      | Reached skill level 1 in Fire Magic
  1654 | D:2      | Reached skill level 1 in Ice Magic
  1654 | D:2      | Reached skill level 1 in Air Magic
  1654 | D:2      | Reached skill level 1 in Earth Magic
  1654 | D:2      | Reached skill level 1 in Poison Magic
  1942 | D:3      | Found a broken altar of Ashenzari.
  1974 | D:3      | Noticed Sigmund
  2265 | D:3      | Learned a level 1 spell: Necrotize
  2267 | D:3      | Learned a level 1 spell: Summon Small Mammal
  2488 | D:3      | Reached XP level 5. HP: 37/40 MP: 5/7
  2754 | D:3      | Killed Sigmund
  2755 | D:3      | Reached XP level 6. HP: 36/47 MP: 3/9
  3574 | D:4      | Noticed Menkaure
  3902 | D:4      | Found a runed translucent gate.
  3905 | D:4      | Found a runed translucent gate.
  3908 | D:4      | Found a runed translucent gate.
  3928 | D:4      | Found an opulent altar of Gozag.
  3932 | D:4      | Noticed Taxman66's ghost (amateur MiHu)
  3975 | D:4      | Reached XP level 7. HP: 32/50 MP: 8/10
  4029 | D:4      | Killed Menkaure
  4519 | D:4      | HP: 3/79 [orc priest/divine providence (10)]
  4531 | D:4      | HP: 1/53 [orc priest/+0 mace (4)]
  4531 | D:4      | Killed from afar by an orc priest

Illustrated notes

Levels and vault maps discovered:
D:1:      giann_wishing_wells, layout_basic, hellmonk_ecumenical_altar_blasted
D:2:      layout_rooms
D:3:      layout_loops_corners, nicolae_ashenzari_panopticon, uniq_sigmund
D:4:      kennysheep_big_flooded_room, layout_cave_pools,
          minmay_temple_entry_grid, ebering_ghost_gozag, uniq_menkaure

Skill      XL: |  1  2  3  4  5  6  7 |
---------------+----------------------+-----
Stealth        | 6 |  6.6
Short Blades   | 1 2 |  2.6
Long Blades    | 1 2 |  2.6
Axes           | 1 2 |  2.6
Maces & Flails | 1 2 |  2.6
Staves         | 1 2 |  2.6
Slings         | 1 2 |  2.6
Bows           | 1 2 |  2.6
Crossbows      | 1 2 |  2.6
Throwing       | 1 2 |  2.6
Dodging        | 1 2 |  2.6
Shields        | 1 2 |  2.6
Unarmed Combat | 1 2 |  2.6
Spellcasting   | 1 2 |  2.6
Invocations    | 1 2 |  2.9
Evocations     | 1 2 |  2.6
Conjurations   | 1 2 |  2.1
Hexes          | 1 2 |  2.1
Summonings     | 1 2 |  2.1
Necromancy     | 1 2 |  2.1
Translocations | 1 2 |  2.1
Transmutations | 1 2 |  2.1
Fire Magic     | 1 2 |  2.1
Ice Magic      | 1 2 |  2.1
Air Magic      | 1 2 |  2.1
Earth Magic    | 1 2 |  2.1
Poison Magic   | 1 2 |  2.1
Fighting       | 3 |  3.7
Polearms       | 7 |  7.1
Armour         | 7 |  7.1

Action                   |  1- 3 |  4- 6 |  7- 9 || total
-------------------------+-------+-------+-------++-------
Melee: Trident           |    43 |    96 |    34 ||   173
       Punch             |     2 |     1 |       ||     3
       Bite              |       |     4 |     3 ||     7
 Fire: Hunting sling     |       |    57 |    12 ||    69
Throw: Boomerang         |       |    11 |     1 ||    12
       Dart              |       |       |     4 ||     4
       Javelin           |       |       |     3 ||     3
 Cast: Summon Small Mamm |       |    11 |     3 ||    14
       Necrotize         |       |     2 |       ||     2
  Use: Potion            |       |       |     4 ||     4
 Stab: Sleeping          |     9 |     4 |       ||    13
Armor: Leather armour    |     3 |    20 |       ||    23
       Ring mail         |       |    12 |    26 ||    38
Dodge: Dodged            |     2 |    53 |    36 ||    91

Table legend: (Time is in decaauts)
 A = Elapsed time spent in this place.
 B = Non-inter-level travel time spent in this place.
 C = Inter-level travel time spent in this place.
 D = Time resting spent in this place.
 E = Time spent auto-exploring this place.
 F = Levels seen in this place.
 G = Mean time per level.
                   A        B        C        D        E       F      G
               +--------+--------+--------+--------+--------+-----+--------+
         Total |   4555 |   4340 |    215 |    947 |   2673 |   4 | 1138.8 |
       Dungeon |   4555 |   4340 |    215 |    947 |   2673 |   4 | 1138.8 |
               +--------+--------+--------+--------+--------+-----+--------+

Top non-repeatable levels by time:
     D:3: 1828 daAuts
     D:2: 1194 daAuts
     D:1: 986 daAuts
     D:4: 544 daAuts
